 Dungeon Crawl Stone Soup version 0.28-a0-631-g0446da8ef9 (webtiles) character file.

Game seed: 17296178111830847081

189 gruber the Digger (level 5, -1/31 HPs)
             Began as an Octopode Earth Elementalist on Oct 9, 2021.
             Slain by an orc (3 damage)
             ... on level 3 of the Dungeon.
             The game lasted 00:02:52 (2301 turns).

gruber the Digger (Octopode Earth Elementalist)     Turns: 2301, Time: 00:02:52

Health: -1/31      AC:  1    Str:  7    XL:     5   Next: 68%
Magic:  0/8        EV: 13    Int: 19    God:
Gold:   105        SH:  5    Dex: 12    Spells: 4/8 levels left

rFire   . . .      SeeInvis +   e - +1 mace (drain)
rCold   . . .      Faith    .   k - +0 buckler
rNeg    . . .      Spirit   .   (helmet restricted)
rPois   .          Reflect  .   (no amulet)
rElec   .          Harm     .   g - ring of see invisible
rCorr   .          Rampage  .   (no ring)
Will    .....                   (no ring)
Stlth   +++.......              (no ring)
HPRegen 0.10/turn               (no ring)
MPRegen 0.11/turn               (no ring)
                                (no ring)
                                (no ring)

@: no status effects
A: almost no armour, amphibious, 8 rings, camouflage 1, gelatinous body 1,
(nimble swimmer 1), tentacles
a: no special abilities


You were on level 3 of the Dungeon.
You visited 1 branch of the dungeon, and saw 3 of its levels.

You collected 105 gold pieces.

Inventory:

Hand Weapons
 e - a +1 mace of draining (weapon)
Missiles
 b - 141 stones
 i - 5 poisoned darts (quivered)
Armour
 k - a +0 buckler (worn)
Jewellery
 g - a ring of see invisible (left tentacle)
Scrolls
 a - 3 scrolls of amnesia {unknown}
 f - 2 scrolls of identify {unknown}
 j - 2 scrolls of immolation {unknown}
 l - a scroll of teleportation {unknown}
 m - a scroll of blinking {unknown}
Potions
 c - 2 potions of invisibility {unknown}
 d - a potion of flight {unknown}
 h - 3 potions of curing {unknown}
 n - a potion of brilliance {unknown}


   Skills:
 - Level 2.0 Dodging
 - Level 2.6 Stealth
 * Level 4.1 Shields
 - Level 2.0 Spellcasting
 - Level 1.0 Transmutations
 - Level 4.3 Earth Magic


You had 4 spell levels left.
You knew the following spells:

 Your Spells              Type           Power      Damage    Failure   Level
a - Sandblast             Erth           36%        2d10      2%          1
b - Frozen Ramparts       Ice            4%         1d2       45%         3

Your spell library contained the following spells:

 Spells                   Type           Power      Damage    Failure   Level
 Passwall                 Tmut/Erth      10%        N/A       9%          2
 Stone Arrow              Conj/Erth      20%        3d8       21%         3
 Ensorcelled Hibernation  Hex/Ice        4%         N/A       26%         2
 Spider Form              Tmut/Pois      1%         N/A       38%         3
 Tukima's Dance           Hex            1%         N/A       45%         3
 Petrify                  Tmut/Erth      12%        N/A       50%         4
 Ice Form                 Ice/Tmut       3%         N/A       80%         4
 Summon Ice Beast         Ice/Summ       2%         N/A       86%         4
 Borgnjor's Revivificati  Necr           0%         N/A       100%        8
 Necromutation            Tmut/Necr      1%         N/A       100%        8
 Death's Door             Necr           0%         N/A       100%        9


Dungeon Overview and Level Annotations

Branches:
Dungeon (3/15)

Altars:


Innate Abilities, Weirdness & Mutations

You cannot wear most types of armour.
You are amphibious.
You can wear up to eight rings at the same time.
Your skin changes colour to match your surroundings (Stealth+).
Your rubbery body absorbs attacks. (AC +1, EV +1)
((You are camouflaged near water. (Stealth+)))
You have tentacles for arms and can constrict up to eight enemies at once.


Message History

b - 144 stones Unknown command.
Casting: Sandblast (safe; 3% risk of failure)
Confirm with . or Enter, or press ? or * to list all spells.
Aiming: Sandblast (safe; 3% risk of failure)
Press: ? - help, Shift-Dir - straight line, f/p - orc priest
Aim: an orc priest, wielding a +0 hand axe and wearing a +0 leather armour (79% to hit)
The blast of sand misses the orc.
The blast of sand hits the orc priest!
You kill the orc priest!
b - 143 stones The orc barely misses you.
Your Shields skill increases to level 4!
Unknown command.
Unknown command.
Casting: Sandblast (safe; 2% risk of failure)
Confirm with . or Enter, or press ? or * to list all spells.
Aiming: Sandblast (safe; 2% risk of failure)
Press: ? - help, Shift-Dir - straight line, f - orc
Aim: an orc, wielding a +0 trident and wearing a +0 scale mail (severely wounded, 82% to hit)
The blast of sand misses the orc.
b - 142 stones The orc hits you from afar with a +0 trident!
* * * LOW HITPOINT WARNING * * *
Your magical contamination has completely faded away.
Unknown command.
Casting: Sandblast (safe; 2% risk of failure)
Confirm with . or Enter, or press ? or * to list all spells.
You don't have enough magic to cast this spell.
Unknown command.
Unknown command.
Casting: Sandblast (safe; 2% risk of failure)
Confirm with . or Enter, or press ? or * to list all spells.
Aiming: Sandblast (safe; 2% risk of failure)
Press: ? - help, Shift-Dir - straight line, f/p - orc
Aim: an orc, wielding a +0 trident and wearing a +0 scale mail (severely wounded, 82% to hit)
The blast of sand hits the orc.
The orc is almost dead.
b - 141 stones The orc hits you from afar with a +0 trident.
You die...

.................####
....................
....................
..........).........
.........)#........
..........#......w.
.......o..#o.o.....
..........#........
.......@..#....o...
###########........
#..B..... #........
#...K....


You could see an orc.

Vanquished Creatures
  A black bear (D:3)
  An orc priest (D:3)
  3 adders
  An orc (D:3)
  8 bats
  5 endoplasms
  3 giant cockroaches
  4 goblins
  3 hobgoblins
  A jackal (D:2)
  2 quokkas
  2 ball pythons
  2 frilled lizards (D:2)
  4 kobolds
  4 rats
44 creatures vanquished.

Notes
Turn   | Place    | Note
-------+----------+-------------------------------------------
     0 | D:1      | gruber the Octopode Earth Elementalist began the quest for
                  | the Orb.
     0 | D:1      | Reached XP level 1. HP: 11/11 MP: 3/3
   575 | D:1      | Reached XP level 2. HP: 17/17 MP: 5/5
  1036 | D:2      | Reached XP level 3. HP: 21/21 MP: 4/6
  1286 | D:2      | Found a faded altar of an unknown god.
  1589 | D:2      | Reached skill level 1 in Shields
  1745 | D:3      | Reached XP level 4. HP: 15/27 MP: 5/7
  1975 | D:3      | Noticed a black bear
  1984 | D:3      | Killed a black bear
  1985 | D:3      | Reached XP level 5. HP: 11/31 MP: 4/8
  2254 | D:3      | Learned a level 3 spell: Frozen Ramparts
  2301 | D:3      | Slain by an orc

Illustrated notes

Levels and vault maps discovered:
D:1:      minmay_arrival_hallway, layout_rooms, st_stairs_11
D:2:      layout_loops_cross, dilly_ecumenical_altar_fadedgnrine
D:3:      layout_basic, minmay_fractal_squares_gapless_5

Skill      XL: |  1  2  3  4  5 |
---------------+----------------+-----
Earth Magic    | 4 |  4.3
Shields        | 1 3 4 |  4.1
Dodging        | |  2.0
Stealth        | |  2.6
Spellcasting   | |  2.0
Transmutations | |  1.0

Action                   |  1- 3 |  4- 6 || total
-------------------------+-------+-------++-------
Melee: Unarmed           |    12 |       ||    12
       Mace              |    40 |     3 ||    43
       Constrict         |     8 |       ||     8
       Tentacles         |     4 |       ||     4
Throw: Dart              |    17 |     8 ||    25
       Stone             |       |     1 ||     1
 Cast: Sandblast         |    11 |    12 ||    23
 Stab: Sleeping          |    10 |       ||    10
Armor: Skin              |    12 |       ||    12
Dodge: Dodged            |    39 |     8 ||    47
Block: Buckler           |     4 |     2 ||     6

Table legend: (Time is in decaauts)
 A = Elapsed time spent in this place.
 B = Non-inter-level travel time spent in this place.
 C = Inter-level travel time spent in this place.
 D = Time resting spent in this place.
 E = Time spent auto-exploring this place.
 F = Levels seen in this place.
 G = Mean time per level.
                   A        B        C        D        E       F      G
               +--------+--------+--------+--------+--------+-----+--------+
         Total |   2318 |   2278 |     40 |      0 |   1896 |   3 |  772.7 |
       Dungeon |   2318 |   2278 |     40 |      0 |   1896 |   3 |  772.7 |
               +--------+--------+--------+--------+--------+-----+--------+

Top non-repeatable levels by time:
     D:1: 936 daAuts
     D:2: 767 daAuts
     D:3: 614 daAuts
